 Dungeon Crawl Stone Soup version 0.25.0-9-g26727b657a (webtiles) character file.

Game seed: 1130281046272868848

2890 protoss039 the Thaumaturge (level 9, -5/46 (47) HPs)
             Began as a Deep Elf Earth Elementalist on June 19, 2020.
             Was a Follower of Vehumet.
             Slain by an ogre
             ... wielding a +0 giant club
              (20 damage)
             ... on level 8 of the Dungeon on June 20, 2020.
             The game lasted 00:36:37 (9820 turns).

protoss039 the Thaumaturge (DEEE)                   Turns: 9820, Time: 00:36:38

HP:   -5/46 (47)    AC:  4    Str:  5    XL:     9   Next: 48%
MP:   18/25         EV: 13    Int: 24    God:    Vehumet [*.....]
Gold: 391           SH:  5    Dex: 15    Spells: 14/29 levels left

rFire    . . .     SeeInvis .   w - +3 quarterstaff (chaos)
rCold    . . .     Gourm    .   (shield currently unavailable)
rNeg     . . .     Faith    .   c - +0 robe
rPois    .         Spirit   .   (no helmet)
rElec    .         Reflect  +   x - +1 cloak
rCorr    .         Harm     .   (no gloves)
MR       .....                  (no boots)
Stlth    +++.......             p - amulet of reflection
HPRegen  0.15/turn              (no ring)
MPRegen  0.19/turn              (no ring)

@: no status effects
A: no striking features
a: Renounce Religion


You were on level 8 of the Dungeon.
You worshipped Vehumet.
Vehumet was aware of your devotion.
You were hungry.

You visited 1 branch of the dungeon, and saw 8 of its levels.

You collected 413 gold pieces.
You spent 22 gold pieces at shops.

Inventory:

Hand Weapons
 w - a +3 quarterstaff of chaos (weapon)
 E - a +4 spear of freezing
Missiles
 u - 113 stones (quivered)
Armour
 c - a +0 robe (worn)
 g - the +3 leather armour "Cocrog" {Str+3}
   (You found it on level 4 of the Dungeon)

   It affects your strength (+3).
 x - a +1 cloak (worn)
Jewellery
 p - an amulet of reflection (around neck)
Wands
 s - a wand of paralysis (10)
 y - a wand of flame (11)
 A - a wand of polymorph (11)
 B - a wand of random effects (8)
 F - a wand of acid (11)
Scrolls
 a - 4 scrolls of enchant armour
 e - 4 scrolls of immolation
 f - 4 scrolls of teleportation
 i - a scroll of identify
 l - 4 scrolls of remove curse
Potions
 b - a potion of flight {unknown}
 h - a potion of mutation
 j - a potion of ambrosia
 k - a potion of magic
 m - a potion of invisibility
 n - a potion of degeneration {unknown}
 r - a potion of berserk rage {unknown}
 t - a potion of curing
 z - a potion of haste {unknown}
 C - 2 potions of lignification
Comestibles
 d - 12 rations


   Skills:
 + Level 1.3 Fighting
   Level 0.4 Short Blades
 - Level 2.4 Dodging
 - Level 4.0 Stealth
 * Level 10.5 Spellcasting
 * Level 4.9 Conjurations
 + Level 1.3 Transmutations
 * Level 10.2 Earth Magic


You had 14 spell levels left.
You knew the following spells:

 Your Spells              Type           Power        Failure   Level  Hunger
a - Sandblast             Erth           ######       1%          1    None
b - Passwall              Tmut/Erth      #####...     1%          2    None
c - Stone Arrow           Conj/Erth      #####.       1%          3    None
d - Petrify               Tmut/Erth      #####...     4%          4    None
e - Lee's Rapid Deconstr  Erth           ######....   1%          5    ####...

Your spell library contained the following spells:

 Spells                   Type           Power        Failure   Level  Hunger
 Foxfire                  Conj/Fire      ###.         1%          1    None
 Animate Skeleton         Necr           N/A          4%          1    None
 Pain                     Necr           ##..         4%          1    None
 Portal Projectile        Hex/Tloc       ##....       16%         3    None
 Vampiric Draining        Necr           ##........   16%         3    None
 Animate Dead             Necr           N/A          45%         4    None
 Passage of Golubria      Tloc           N/A          45%         4    None
 Alistair's Intoxication  Tmut/Pois      ###.....     71%         5    ####...
 Agony                    Necr           ##......     80%         5    ####...
 Malign Gateway           Summ/Tloc      ##........   100%        7    #######


Dungeon Overview and Level Annotations

Branches:
Dungeon (8/15)             Temple (0/1) D:6
   Lair: D:8-11

Altars:
Hepliaklqana
Kikubaaqudgha
Ru
Sif Muna
Vehumet
Xom
Zin

Shops:
D:4 :*[   D:7 (


Message History

The worker ant twitches its antennae in your direction.
Casting: Stone Arrow (safe; 1% risk of failure)
Confirm with . or Enter, or press ? or * to list all spells.
Aiming: Stone Arrow (safe; 1% risk of failure)
Press: ? - help, Shift-Dir - straight line, f/p - ogre
Aim: an ogre, wielding a +0 giant club The stone arrow hits the ogre!
The ogre is moderately wounded.
The ogre hits you with a +0 giant club!!
Ouch! That really hurt!
Unknown command.
Okay, then.
Casting: Stone Arrow (safe; 1% risk of failure)
Confirm with . or Enter, or press ? or * to list all spells.
Aiming: Passwall (safe; 1% risk of failure)
Press: ? - help, Dir - move target cursor, p - ogre A rock wall.
You begin to meditate on the wall.
You continue meditating on the rock.
The ogre hits you with a +0 giant club!!
You die...

*,,,,,,<,,,,,,,,,,,,,,^,^,,,,
*,,,,,,,,,,,,,,,,,<,,,,,,,**,
*#########,,,,,,,,,,,,,,,,,**
#.......#,,,,,,,,,,,,,,,,,,,
#.......##+##########,,,,,,,
#..........[...†....+,,,,,,,
#...................#,,,,,,,
#...........aZ......####**,,
#..........@O...........,***
#......#########....##.,,,,,
#......##*,,***#.>..#*,,,,,,
#.......#,,,+,,.....#*,,,**,
#.......#,,,*,......#***+**,
#.......#,,,*.....?..#,,,,*,
#.......#,,,#........#,,,**,
#.......#,,,##......##,,,**,
#.......#,,,*###+####*,,,,*,


You could see an ogre, a worker ant and a jackal skeleton.

Vanquished Creatures
  A hungry ghost (D:7)
  An orc warrior (D:7)
  3 ice beasts
  2 ogres
  5 necrophages
  3 centaurs
  5 bullfrogs
  A gnoll sergeant (D:7)
  2 scorpions
  A wight (D:7)
  A bullfrog zombie (D:5)
  2 hounds (D:6)
  2 jellies
  An orc priest (D:6)
  Crazy Yiuf (D:5)
  A bullfrog skeleton (D:6)
  Ijyb (D:4)
  An iguana (D:4)
  11 orc wizards
  7 worker ants
  2 hound zombies (D:7)
  4 adders
  8 gnolls
  2 shadow imps
  An adder zombie (D:6)
  An ooze (D:3)
  2 adder skeletons
  2 worms
  A dart slug (D:2)
  4 leopard geckos
  17 orcs
  5 bats
  A giant cockroach (D:1)
  10 goblins
  3 hobgoblins
  2 jackals (D:5)
  3 quokkas
  A ball python (D:3)
  3 frilled lizards
  7 kobolds
  A quokka skeleton (D:4)
  7 rats
139 creatures vanquished.

Vanquished Creatures (others)
  3 withered plants (D:7)
3 creatures vanquished.

Grand Total: 142 creatures vanquished

Notes
Turn   | Place    | Note
-------+----------+-------------------------------------------
     0 | D:1      | protoss039 the Deep Elf Earth Elementalist began the quest
                  | for the Orb.
     0 | D:1      | Reached XP level 1. HP: 10/10 MP: 6/6
   215 | D:1      | Reached XP level 2. HP: 15/15 MP: 6/8
  1725 | D:2      | Reached XP level 3. HP: 19/19 MP: 8/10
  1943 | D:3      | Noticed a scorpion
  1985 | D:2      | Learned a level 2 spell: Passwall
  1989 | D:2      | Learned a level 3 spell: Stone Arrow
  2169 | D:3      | Reached XP level 4. HP: 24/24 MP: 4/12
  2365 | D:3      | Noticed an ice beast
  2515 | D:3      | Killed an ice beast
  2515 | D:3      | Reached skill level 5 in Earth Magic
  2515 | D:3      | Reached XP level 5. HP: 13/28 MP: 4/14
  2755 | D:3      | Found an ancient bone altar of Kikubaaqudgha.
  3355 | D:4      | Reached XP level 6. HP: 24/32 MP: 13/15
  3576 | D:4      | Noticed Ijyb
  3585 | D:4      | Killed Ijyb
  3585 | D:4      | Reached skill level 5 in Spellcasting
  3621 | D:4      | Found Centaw's General Store.
  3629 | D:4      | Bought a scroll of identify for 22 gold pieces
  3635 | D:4      | Found Tapt's Armour Shop.
  3665 | D:4      | Reached skill level 1 in Conjurations
  3922 | D:4      | Got a shimmering leather armour
  3933 | D:4      | Identified the +3 leather armour "Cocrog" {Str+3} (You
                  | found it on level 4 of the Dungeon)
  4277 | D:4      | Found Munust's Book Shop.
  4338 | D:4      | Reached XP level 7. HP: 36/36 MP: 15/18
  4590 | D:5      | Entered Level 5 of the Dungeon
  5440 | D:5      | Reached XP level 8. HP: 27/41 MP: 12/22
  6109 | D:5      | Found a runed translucent door.
  6110 | D:5      | Noticed Crazy Yiuf
  6115 | D:5      | Killed Crazy Yiuf
  6276 | D:6      | Found a staircase to the Ecumenical Temple.
  6493 | D:6      | Found a shimmering blue altar of Sif Muna.
  6754 | D:6      | Found a radiant altar of Vehumet.
  6761 | D:6      | Became a worshipper of Vehumet
  7607 | D:6      | Found a shimmering blue altar of Sif Muna.
  8001 | D:7      | Learned a level 4 spell: Petrify
  8416 | D:7      | Found Maliani Fess's Antique Weapon Boutique.
  8510 | D:7      | Found a shimmering altar of Xom.
  8546 | D:7      | Found a glowing silver altar of Zin.
  8548 | D:7      | Found a sacrificial altar of Ru.
  8552 | D:7      | Found a hazy altar of Hepliaklqana.
  8598 | D:7      | Reached XP level 9. HP: 44/44 MP: 14/24
  8689 | D:7      | Reached skill level 10 in Spellcasting
  8979 | D:7      | Reached * piety under Vehumet
  8979 | D:7      | Offered knowledge of Foxfire by Vehumet.
  9087 | D:7      | Reached skill level 10 in Earth Magic
  9201 | D:7      | Identified the Tome of Mutagenic Dislocation
  9211 | D:7      | Reached skill level 1 in Fighting
  9769 | D:8      | Learned a level 5 spell: Lee's Rapid Deconstruction
  9820 | D:8      | Slain by an ogre

Illustrated notes

Levels and vault maps discovered:
D:1:      ebering_hopf_link, layout_loops_ring, minmay_misc_feat_pillars,
          columned_hall_lemuel
D:2:      layout_loops_corners, first_ration
D:3:      layout_loops_ring, old_standard_altar
D:4:      layout_loops_ring, serial_shops, nicolae_shop_statue_plus,
          kennysheep_little_box, shop_statue, uniq_ijyb
D:5:      layout_gridville, chequers_hall_statues_y, uniq_crazy_yiuf_cottage
D:6:      layout_basic, lemuel_crystal_altar, nicolae_overflow_crystal_walls,
          minmay_temple_entry_tees, basic_altar
D:7:      layout_cave_pods, minitemple, serial_shops, shop, serial_undead,
          serial_undead_f, serial_undead_f, serial_undead_f, serial_undead_d,
          serial_undead_c
D:8:      layout_gridville, overflow_temple_1_default, the_bakery,
          xom_teletrap_fun, uniq_gastronok, uniq_erica

Skill      XL: |  1  2  3  4  5  6  7  8  9 |
---------------+----------------------------+-----
Earth Magic    | 4 5 6 8 9 10 | 10.2
Stealth        | 3 4 |  4.0
Spellcasting   | 4 6 8 9 10 | 10.5
Conjurations   | 1 2 3 4 |  4.9
Fighting       | 1 |  1.3
Short Blades   | |  0.4
Dodging        | |  2.4
Transmutations | |  1.3

Action                   |  1- 3 |  4- 6 |  7- 9 || total
-------------------------+-------+-------+-------++-------
Melee: Unarmed           |     8 |       |       ||     8
       Short sword       |     5 |    30 |     2 ||    37
       Quarterstaff      |       |       |    19 ||    19
 Cast: Sandblast         |    47 |    54 |    10 ||   111
       Stone Arrow       |       |     2 |   113 ||   115
       Passwall          |       |       |     5 ||     5
Evoke: Wand              |       |       |     2 ||     2
  Use: Scroll            |       |     6 |     9 ||    15
       Potion            |       |     1 |     1 ||     2
 Stab: Sleeping          |     2 |     2 |     1 ||     5
  Eat: Chunk             |     4 |     3 |     9 ||    16
       Ration            |       |     1 |     2 ||     3
Armor: Robe              |     5 |     4 |     9 ||    18
Dodge: Dodged            |    25 |    19 |    43 ||    87
Block: Other             |       |       |    15 ||    15
       Reflection        |       |       |     3 ||     3
